 Dungeon Crawl Stone Soup version 0.26.1-16-g4e020e15dc (webtiles) character file.

Game seed: 15066025794012853119

136 Froggeryz the Magician (level 5, -2/43 HPs)
             Began as a Gnoll Wanderer on Mar 14, 2023.
             Slain by a phantom (3 damage)
             ... on level 4 of the Dungeon.
             The game lasted 00:03:56 (4316 turns).

Froggeryz the Magician (Gnoll Wanderer)             Turns: 4316, Time: 00:03:57

Health: -2/43      AC:  3    Str: 15    XL:     5   Next: 19%
Magic:  11/12      EV: 12    Int: 16    God:
Gold:   118        SH:  0    Dex: 13    Spells: 13/14 levels left

rFire    . . .     SeeInvis .   l - +0 whip (flame)
rCold    . . .     Faith    .   (no shield)
rNeg     . . .     Spirit   .   e - +0 robe
rPois    .         Reflect  .   (helmet currently unavailable)
rElec    .         Harm     .   (no cloak)
rCorr    .         Rampage  .   g - +0 pair of gloves
Will     .....                  (boots currently unavailable)
Stlth    ++........             (no amulet)
HPRegen  0.14/turn              q - ring of wizardry
MPRegen  0.13/turn              (no ring)

@: lethally poisoned (-2 -> -3), appendages
A: distributed training, fangs 1, horns 2, talons 2, strong nose
a: End Transformation


You were on level 4 of the Dungeon.
You had grown temporary horns.
You had grown temporary talons.
You visited 1 branch of the dungeon, and saw 4 of its levels.

You collected 118 gold pieces.

Inventory:

Hand Weapons
 c - a +0 mace of holy wrath
 l - a +0 whip of flaming (weapon)
Missiles
 b - 3 curare-tipped darts (quivered)
 d - 13 poisoned darts
 k - 4 atropa-tipped darts
Armour
 e - a +0 robe (worn)
 g - a +0 pair of gloves (worn)
Jewellery
 n - an uncursed amulet of faith
 q - a ring of wizardry (left hand)
Scrolls
 a - a scroll of enchant weapon {unknown}
 f - a scroll of blinking
 i - 2 scrolls of teleportation
 t - a scroll of identify
Potions
 j - 2 potions of curing
 m - a potion of magic
 o - a potion of heal wounds {unknown}
 s - 2 potions of flight {unknown}


   Skills:
 + Level 4.7 Fighting
 + Level 1.4 Short Blades
 + Level 1.4 Long Blades
 + Level 1.4 Axes
 + Level 1.4 Maces & Flails
 + Level 1.4 Polearms
 + Level 1.4 Staves
 + Level 1.4 Slings
 + Level 1.4 Bows
 + Level 1.4 Crossbows
 + Level 2.9 Throwing
 + Level 2.9 Armour
 + Level 1.4 Dodging
 + Level 1.4 Stealth
 + Level 2.9 Shields
 + Level 1.4 Unarmed Combat
 + Level 5.1 Spellcasting
 + Level 1.1 Conjurations
 + Level 1.1 Hexes
 + Level 1.1 Summonings
 + Level 1.1 Necromancy
 + Level 1.1 Translocations
 + Level 1.1 Transmutations
 + Level 1.1 Fire Magic
 + Level 1.1 Ice Magic
 + Level 3.9 Air Magic
 + Level 1.1 Earth Magic
 + Level 2.3 Poison Magic
 + Level 1.5 Invocations
 + Level 1.4 Evocations


You had 13 spell levels left.
You knew the following spells:

 Your Spells              Type           Power        Failure   Level
a - Beastly Appendage     Tmut           14%          4%          1

Your spell library contained the following spells:

 Spells                   Type           Power        Failure   Level
 Spider Form              Tmut/Pois      4%           9%          3


Dungeon Overview and Level Annotations

Branches:
Dungeon (4/15)
 Temple: D:4-7

Altars:


Innate Abilities, Weirdness & Mutations

Your experience applies equally to all skills.
You have very sharp teeth.
Your uncanny sense of smell can sniff out nearby items.
You have a pair of horns on your head.
You have razor-sharp toenails.


Message History

You hit the worker ant. You burn the worker ant.
You kill the worker ant!
The phantom hits you.
* * * LOW HITPOINT WARNING * * *
You have reached level 5!
Okay, then.
You feel sick.
The phantom blinks!
Casting: Beastly Appendage (safe; 4% risk of failure)
Confirm with . or Enter, or press ? or * to list all spells.
You grow a pair of large bovine horns.
Your feet morph into talons.
You feel sick.
You barely miss the phantom. You bite the phantom.
The phantom is lightly damaged.
The phantom hits you!
* * * LOW HITPOINT WARNING * * *
You hit the phantom but do no damage. Your headbutt misses the phantom.
The phantom is lightly damaged.
The phantom hits you.
You die...

#................
#.####........####
##...........
###....####
#.........
##.........
#..........
#..........
#.@...###..
#W####### .
####.......#
#......###.#
#......# #......#
#...!..# #......#
#.......


You could see a phantom.

Vanquished Creatures
  A worker ant (D:4)
  2 adders (D:2)
  2 worms (D:2)
  3 dart slugs (D:1)
  4 leopard geckos
  2 orcs
  A ball python (D:1)
  2 giant cockroaches (D:1)
  10 goblins
  8 hobgoblins
  7 jackals (D:3)
  5 kobolds
  3 quokkas
  7 bats
  6 frilled lizards
  9 rats
72 creatures vanquished.

Notes
Turn   | Place    | Note
-------+----------+-------------------------------------------
     0 | D:1      | Froggeryz the Gnoll Wanderer began the quest for the Orb.
     0 | D:1      | Froggeryz set off with the following items: a +2 dagger, 3
                  | curare-tipped darts, a +0 spear, a +0 robe; and the
                  | following spell memorised: Beastly Appendage; and the
                  | following spells available to memorise: Spider Form
     0 | D:1      | Reached XP level 1. HP: 20/20 MP: 6/6
   250 | D:1      | Reached XP level 2. HP: 17/26 MP: 7/7
   923 | D:1      | Reached XP level 3. HP: 31/31 MP: 9/9
   957 | D:1      | Reached skill level 5 in Spellcasting
  1081 | D:1      | HP: 1/31 [leopard gecko (2)]
  1677 | D:1      | Reached skill level 1 in Invocations
  1963 | D:2      | Reached skill level 1 in Short Blades
  1963 | D:2      | Reached skill level 1 in Long Blades
  1963 | D:2      | Reached skill level 1 in Axes
  1963 | D:2      | Reached skill level 1 in Maces & Flails
  1963 | D:2      | Reached skill level 1 in Polearms
  1963 | D:2      | Reached skill level 1 in Staves
  1963 | D:2      | Reached skill level 1 in Slings
  1963 | D:2      | Reached skill level 1 in Bows
  1963 | D:2      | Reached skill level 1 in Crossbows
  1963 | D:2      | Reached skill level 1 in Dodging
  1963 | D:2      | Reached skill level 1 in Stealth
  1963 | D:2      | Reached skill level 1 in Unarmed Combat
  1963 | D:2      | Reached skill level 1 in Evocations
  2151 | D:2      | Reached XP level 4. HP: 23/38 MP: 11/11
  3023 | D:2      | Reached skill level 1 in Conjurations
  3023 | D:2      | Reached skill level 1 in Hexes
  3023 | D:2      | Reached skill level 1 in Summonings
  3023 | D:2      | Reached skill level 1 in Necromancy
  3023 | D:2      | Reached skill level 1 in Translocations
  3023 | D:2      | Reached skill level 1 in Transmutations
  3023 | D:2      | Reached skill level 1 in Fire Magic
  3023 | D:2      | Reached skill level 1 in Ice Magic
  3023 | D:2      | Reached skill level 1 in Earth Magic
  4252 | D:4      | Noticed a phantom
  4310 | D:4      | Reached XP level 5. HP: 9/43 MP: 12/12
  4315 | D:4      | HP: 1/43 [phantom (7)]
  4316 | D:4      | Slain by a phantom

Illustrated notes

Levels and vault maps discovered:
D:1:      eino_arrival_druids_welcome, layout_loops_corners, nrook_campfire
D:2:      layout_rooms, minmay_misc_feat_columns
D:3:      layout_rooms
D:4:      layout_basic

Skill      XL: |  1  2  3  4 |
---------------+-------------+-----
Poison Magic   | 2 |  2.3
Spellcasting   | 5 |  5.1
Invocations    | 1 |  1.5
Short Blades   | 1 |  1.4
Long Blades    | 1 |  1.4
Axes           | 1 |  1.4
Maces & Flails | 1 |  1.4
Polearms       | 1 |  1.4
Staves         | 1 |  1.4
Slings         | 1 |  1.4
Bows           | 1 |  1.4
Crossbows      | 1 |  1.4
Dodging        | 1 |  1.4
Stealth        | 1 |  1.4
Unarmed Combat | 1 |  1.4
Evocations     | 1 |  1.4
Conjurations   | 1 |  1.1
Hexes          | 1 |  1.1
Summonings     | 1 |  1.1
Necromancy     | 1 |  1.1
Translocations | 1 |  1.1
Transmutations | 1 |  1.1
Fire Magic     | 1 |  1.1
Ice Magic      | 1 |  1.1
Earth Magic    | 1 |  1.1
Fighting       | |  4.7
Throwing       | |  2.9
Armour         | |  2.9
Shields        | |  2.9
Air Magic      | |  3.9

Action                   |  1- 3 |  4- 6 || total
-------------------------+-------+-------++-------
Melee: Mace              |    70 |       ||    70
       Bite              |    16 |    14 ||    30
       Spear             |    95 |   164 ||   259
       Whip              |       |    16 ||    16
       Kick              |       |     3 ||     3
       Headbutt          |       |     2 ||     2
       Punch             |       |     1 ||     1
 Cast: Beastly Appendage |       |     2 ||     2
  Use: Scroll            |     4 |     3 ||     7
       Potion            |       |     4 ||     4
 Stab: Sleeping          |     5 |     4 ||     9
Armor: Robe              |    59 |    31 ||    90
       Skin              |       |    31 ||    31
Dodge: Dodged            |   123 |   112 ||   235
